 Dungeon Crawl Stone Soup version 0.23-a0-756-g517b432 (console) character file.

507572 Duffy the Eclecticist (level 25, -2/214 HPs)
             Began as an Octopode Fire Elementalist on Jan 17, 2019.
             Was the Champion of Sif Muna.
             Slain by a caustic shrike (15 damage)
             ... on level 4 of the Depths on Jan 18, 2019.
             The game lasted 02:59:09 (95093 turns).

Duffy the Eclecticist (Octopode Fire Elementalist) Turns: 95093, Time: 02:59:10

Health: -2/214     AC: 27    Str: 11    XL:     25   Next: 41%
Magic:  5/46       EV: 12    Int: 35    God:    Sif Muna [******]
Gold:   3522       SH: 31    Dex: 13    Spells: 0/62 levels left

rFire    + . .     SeeInvis +   a - staff of conjuration {!a}
rCold    . . .     Gourm    .   p - +18 shield of the Gong {rElec rN+ MR+ EV-5}
rNeg     + + .     Faith    +   G - +2 hat {SInv}
rPois    ∞         Spirit   .   C - amulet of faith
rElec    +         Reflect  .   d - ring of protection from fire
rCorr    .         Harm     .   P - ring of the Past {rElec rPois}
MR       +++..                  c - ring of Spite {MR+ Str+2 Int+4}
Stlth    +++.......             g - ring of wizardry
HPRegen  0.45/turn              F - +4 ring of intelligence
MPRegen  0.30/turn              Y - +4 ring of protection
                                t - +5 ring of protection
                                l - +3 ring of protection

@: about to teleport, statue-form, corroded, divine energy, deflect missiles,
very slow
A: almost no armour, stealthy swim, amphibious, 8 rings, constrict 8, camouflage
1
}: 2/15 runes: barnacled, gossamer
a: End Transformation, Stop Divine Energy, Channel Magic, Forget Spell, Renounce
Religion


You were on level 4 of the Depths.
You worshipped Sif Muna.
Sif Muna was exalted by your worship.
You were hungry.
You were a stone statue.
You visited 9 branches of the dungeon, and saw 44 of its levels.
You also visited: Ice Cave, Volcano and Wizlab.

You collected 5186 gold pieces.
You spent 1664 gold pieces at shops.

Inventory:

Hand Weapons
 b - a +6 demon trident of electrocution
 h - the +9 staff of Wucad Mu {channel}
   (You found it in a wizard's laboratory)
Armour
 p - the +18 shield of the Gong (worn) {rElec rN+ MR+ EV-5}
   (You acquired it on level 11 of the Dungeon)

   It affects your evasion (-5).
   It insulates you from electricity.
   It protects you from negative energy.
   It affects your resistance to hostile enchantments.
 G - a +2 hat of see invisible (worn)
Magical Staves
 a - an uncursed staff of conjuration (weapon) {!a}
 R - an uncursed staff of earth
Jewellery
 c - the ring of Spite (on tentacle) {MR+ Str+2 Int+4}
   (You bought it in a shop on level 4 of the Dungeon)

   [ring of strength]

   It affects your strength (+2).
   It affects your intelligence (+4).
   It affects your resistance to hostile enchantments.
 d - a ring of protection from fire (left tentacle)
 g - a ring of wizardry (on tentacle)
 l - a +3 ring of protection (on tentacle)
 t - a +5 ring of protection (on tentacle)
 x - an uncursed ring of protection from fire
 C - an amulet of faith (around mantle)
 F - a +4 ring of intelligence (on tentacle)
 P - the ring of the Past (right tentacle) {rElec rPois}
   (You took it off a deep elf archer on level 3 of the Elven Halls)

   [ring of poison resistance]

   It insulates you from electricity.
   It protects you from poison.
 Y - a +4 ring of protection (on tentacle)
 Z - the ring "Xocaym" {Fire Slay+2 SInv}
   (You found it on level 4 of the Lair of Beasts)

   [ring of fire]

   It enhances your fire magic.
   It affects your accuracy and damage with ranged weapons and melee attacks
   (+2).
   It protects you from fire.
   It makes you vulnerable to cold.
   It lets you see invisible.
Wands
 o - a wand of digging (10)
 H - a wand of iceblast (38)
 J - a wand of clouds (8)
 K - a wand of acid (18)
 T - a wand of paralysis (43)
Scrolls
 e - 20 scrolls of teleportation
 k - a scroll of torment
 r - 4 scrolls of fear
 s - 19 scrolls of identify
 w - 22 scrolls of remove curse
 y - 5 scrolls of fog
 z - 4 scrolls of immolation
 U - 6 scrolls of blinking
 W - 2 scrolls of magic mapping
Potions
 f - 9 potions of brilliance
 j - 16 potions of curing
 m - 3 potions of invisibility
 n - 6 potions of heal wounds
 q - 10 potions of flight
 u - 7 potions of ambrosia
 A - 5 potions of cancellation
 I - a potion of magic
 M - 7 potions of agility
 N - 2 potions of resistance
 O - 2 potions of haste
 S - 3 potions of mutation
 V - 3 potions of lignification
Miscellaneous
 i - 3 phantom mirrors
 E - a phial of floods
 L - a fan of gales
 Q - 2 boxes of beasts
Comestibles
 v - a chunk of flesh
 D - 26 rations


   Skills:
 - Level 12.0 Fighting
 - Level 6.0 Polearms
 - Level 8.8 Dodging
 - Level 2.6 Stealth
 - Level 15.0 Shields
 + Level 19.2 Spellcasting
 + Level 18.8 Conjurations
 - Level 4.0 Charms
 - Level 5.0 Necromancy
 - Level 8.0 Transmutations
 + Level 18.8 Fire Magic
 - Level 4.0 Air Magic
 * Level 9.0 Earth Magic
 - Level 10.0 Invocations
 - Level 6.1 Evocations


You couldn't memorise any spells.
You knew the following spells:

 Your Spells              Type           Power        Failure   Level  Hunger
b - Sublimation of Blood  Necr           ######....   1%          2    None
h - Bolt of Fire          Conj/Fire      ########..   1%          6    None
i - Ignition              Fire           ########..   1%          8    ####...
j - Lehudib's Crystal Sp  Conj/Erth      ########..   9%          8    ####...
k - Fireball              Conj/Fire      ########..   0%          5    None
l - Borgnjor's Vile Clut  Necr/Erth      ######....   1%          5    None
m - Deflect Missiles      Chrm/Air       ######....   12%         6    None
n - Statue Form           Tmut/Erth      #######..    1%          6    None
o - Apportation           Tloc           ####..       1%          1    None
t - Summon Butterflies    Summ           ####....     1%          1    None
u - Fire Storm            Conj/Fire      ########..   17%         9    ######.
y - Regeneration          Chrm/Necr      ######....   1%          3    None
B - Blink                 Tloc           N/A          1%          2    None

Your spell library contained the following spells:

 Spells                   Type           Power        Failure   Level  Hunger
 Flame Tongue             Conj/Fire      #####        0%          1    None
 Magic Dart               Conj           ####         0%          1    None
 Shock                    Conj/Air       ####         0%          1    None
 Sting                    Conj/Pois      ####         0%          1    None
 Searing Ray              Conj           ######       0%          2    None
 Throw Flame              Conj/Fire      ######       0%          2    None
 Conjure Flame            Conj/Fire      ########     0%          3    None
 Stone Arrow              Conj/Erth      ######       0%          3    None
 Iskenderun's Mystic Bla  Conj           ########     0%          4    None
 Sticky Flame             Conj/Fire      ########     0%          4    None
 Animate Skeleton         Necr           N/A          1%          1    None
 Beastly Appendage        Tmut           ######       1%          1    None
 Confusing Touch          Hex            ####..       1%          1    None
 Corona                   Hex            ####...      1%          1    None
 Freeze                   Ice            ####         1%          1    None
 Infusion                 Chrm           ####         1%          1    None
 Pain                     Necr           ####         1%          1    None
 Sandblast                Erth           ######       1%          1    None
 Summon Small Mammal      Summ           ####         1%          1    None
 Call Imp                 Summ           ####....     1%          2    None
 Corpse Rot               Necr           N/A          1%          2    None
 Ensorcelled Hibernation  Hex/Ice        ####..       1%          2    None
 Passwall                 Tmut/Erth      #######.     1%          2    None
 Poisonous Vapours        Pois/Air       #####.       1%          2    None
 Shroud of Golubria       Chrm/Tloc      #####.....   1%          2    None
 Slow                     Hex            ####....     1%          2    None
 Song of Slaying          Chrm           ######..     1%          2    None
 Sticks to Snakes         Tmut           ######..     1%          2    None
 Swiftness                Chrm/Air       ######..     1%          2    None
 Throw Frost              Conj/Ice       ######       1%          2    None
 Call Canine Familiar     Summ           ####....     1%          3    None
 Confuse                  Hex            ####....     1%          3    None
 Dazzling Spray           Conj/Hex       ######       1%          3    None
 Gell's Gravitas          Tloc           ####......   1%          3    None
 Ignite Poison            Fire/Tmut/Pois #######.     1%          3    None
 Inner Flame              Hex/Fire       #######.     1%          3    None
 Mephitic Cloud           Conj/Pois/Air  #######.     1%          3    None
 Ozocubu's Armour         Chrm/Ice       #####...     1%          3    None
 Recall                   Summ/Tloc      N/A          1%          3    None
 Spectral Weapon          Hex/Chrm       #####...     1%          3    None
 Spider Form              Tmut/Pois      ######....   1%          3    None
 Static Discharge         Conj/Air       ########     1%          3    None
 Summon Guardian Golem    Hex/Summ       ####....     1%          3    None
 Tukima's Dance           Hex            ####....     1%          3    None
 Vampiric Draining        Necr           ######....   1%          3    None
 Airstrike                Air            ######....   1%          4    None
 Animate Dead             Necr           N/A          1%          4    None
 Force Lance              Conj/Tloc      #######.     1%          4    None
 Fulminant Prism          Conj/Hex       #######...   1%          4    None
 Ice Form                 Ice/Tmut       ######..     1%          4    None
 Leda's Liquefaction      Hex/Erth       ######....   1%          4    None
 Petrify                  Tmut/Erth      #######.     1%          4    None
 Summon Lightning Spire   Summ/Air       #####...     1%          4    None
 Throw Icicle             Conj/Ice       #######.     1%          4    None
 Agony                    Necr           ######..     1%          5    None
 Blade Hands              Tmut           ######....   1%          5    None
 Bolt of Draining         Conj/Necr      ########..   1%          5    None
 Bolt of Magma            Conj/Fire/Erth ########..   1%          5    None
 Dispel Undead            Necr           ######..     1%          5    None
 Excruciating Wounds      Chrm/Necr      ######....   1%          5    None
 Irradiate                Conj/Tmut      ########..   1%          5    None
 Iskenderun's Battlesphe  Conj/Chrm      ########     1%          5    None
 Lee's Rapid Deconstruct  Erth           #######...   1%          5    None
 Lightning Bolt           Conj/Air       ########..   1%          5    None
 Venom Bolt               Conj/Pois      #######...   1%          5    None
 Bolt of Cold             Conj/Ice       #######...   1%          6    None
 Conjure Ball Lightning   Conj/Air       ########..   1%          6    None
 Iron Shot                Conj/Erth      ########..   1%          6    None
 Poison Arrow             Conj/Pois      #######...   1%          6    None
 Orb of Destruction       Conj           ########..   1%          7    ##.....
 Alistair's Intoxication  Tmut/Pois      ######..     2%          5    None
 Yara's Violent Unravell  Hex/Tmut       ######....   2%          5    None
 Freezing Cloud           Conj/Ice/Air   #######...   2%          6    None
 Hydra Form               Tmut           ######....   2%          6    None
 Ring of Flames           Chrm/Fire      #######...   3%          7    ##.....
 Cause Fear               Hex            ####......   4%          4    None
 Summon Ice Beast         Ice/Summ       ####....     4%          4    None
 Silence                  Hex/Air        #####.....   4%          5    None
 Spellforged Servitor     Conj/Summ      #######...   7%          7    ##.....
 Death Channel            Necr           ######....   8%          6    None
 Aura of Abjuration       Summ           ####......   11%         5    None
 Metabolic Englaciation   Hex/Ice        ####......   11%         5    None
 Summon Demon             Summ           ####......   11%         5    None
 Summon Forest            Summ/Tloc      ####......   11%         5    None
 Summon Mana Viper        Hex/Summ       ####....     11%         5    None
 Dragon Form              Tmut           ######....   12%         7    ##.....
 Simulacrum               Ice/Necr       ######....   21%         6    None
 Chain Lightning          Conj/Air       ########..   24%         8    ####...
 Darkness                 Hex            ####......   50%         6    None
 Dispersal                Tloc           ####......   50%         6    None
 Ozocubu's Refrigeration  Ice            ####......   50%         6    None
 Shadow Creatures         Summ           N/A          50%         6    None
 Necromutation            Tmut/Necr      ######....   83%         8    ####...
 Malign Gateway           Summ/Tloc      ####......   96%         7    ##.....
 Monstrous Menagerie      Summ           ####......   96%         7    ##.....
 Summon Greater Demon     Summ           ####......   96%         7    ##.....
 Summon Hydra             Summ           ####......   96%         7    ##.....
 Death's Door             Chrm/Necr      ######....   98%         8    ####...
 Discord                  Hex            ####......   100%        8    ####...
 Summon Horrible Things   Summ           ####......   100%        8    ####...
 Dragon's Call            Summ           ####......   100%        9    ######.
 Glaciate                 Conj/Ice       #######...   100%        9    ######.
 Shatter                  Erth           #######...   100%        9    ######.
 Tornado                  Air            ######....   100%        9    ######.


Dungeon Overview and Level Annotations

Branches:
Dungeon (15/15)            Temple (1/1) D:6            Lair (6/6) D:10
 Shoals (4/4) Lair:2       Spider (4/4) Lair:4        Slime (0/5) Lair:5
    Orc (2/2) D:10            Elf (3/3) Orc:2        Vaults (4/5) D:14
  Crypt (0/3) Vaults:3     Depths (5/5) D:15
    Zot: Depths:5

Altars:
Ashenzari
Cheibriados
Dithmenos
Elyvilon
Fedhas
Gozag
Hepliaklqana
Kikubaaqudgha
Makhleb
Nemelex Xobeh
Okawaru
Qazlal
Ru
Sif Muna
Trog
Uskayaw
Vehumet
Wu Jian
Xom
Yredelemnul
Zin
The Shining One
Beogh

Shops:
D:4 =   Orc:1 (   Orc:2 ![(:   Shoals:4 [   Vaults:3 ::   Vaults:4 :
Depths:1 *

Portals:
Hell: Depths:1 Depths:2 Depths:3 Depths:4
Abyss: Depths:3 Depths:4
Pandemonium: Depths:1 Depths:3
Trove: Vaults:4 (give horn of Geryon)

Annotations:
Elf:2 3 runed doors, exclusion: 3 doors
Depths:4 3 runed doors, Beuf's ghost, veteran MiBe; CollectiveS's ghost, adept DsFi


Innate Abilities, Weirdness & Mutations

You cannot wear most types of armour.
You are very stealthy in the water. (Stealth+)
You are amphibious.
You can wear up to eight rings at the same time.
You can use your tentacles to constrict eight enemies at once.
Your skin changes colour to match your surroundings (Stealth+).
((Your rubbery body absorbs attacks. (AC +1, EV +1)))


Message History

Casting: Blink (safe; 1% risk of failure)
Confirm with . or Enter, or press ? or * to list all spells.
Aiming: Fireball (safe; 0% risk of failure)
Press: ? - help, Shift-Dir - straight line, f - caustic shrike
Aim: a caustic shrike (heavily wounded)
You feel a surge of power!
The fireball explodes!
The fireball engulfs the caustic shrike.
The caustic shrike resists.
The caustic shrike is severely wounded.
The fireball engulfs the caustic shrike.
The caustic shrike resists.
The caustic shrike is severely wounded.
The caustic shrike claws you! The acid corrodes you!
You are splashed with acid!
The acid burns!
You block the caustic shrike's attack.
BONNNG!
You block the caustic shrike's attack.
PTOANNNG!
The caustic shrike claws you!
You die...

#.................#.#..#..#
#.................###.##.##
#......(.(.........#..##.#
######...#..##.######.#.###%#
##..###...#..##.##..##...#.0.#
#.....#......#...........>..##
#.....#......#..............#
#.....#......#..)b.........<#
###...##(.....##[8b..........#
..#...##......##...########'#######
.......[.(....##[).####..##.##....#
.......(.(..((..<).................
...................<...............
...................................
###################################


You could see 2 caustic shrikes.

Vanquished Creatures
  Boris (Vaults:3)
  Saint Roka (Vaults:2)
  Xtahua (Vaults:3)
  4 caustic shrikes
  2 golden dragons
  2 liches
  Arachne (Spider:2)
  A tentacled monstrosity (Depths:4)
  2 deep elf blademasters (Elf:3)
  3 deep elf master archers (Elf:3)
  Frances (Shoals:1)
  8 krakens
  3 sphinxes
  Gastronok (Lair:1)
  A storm dragon (Vaults:2)
  A shadow dragon (Depths:2)
  A tengu reaver (Depths:4)
  Ilsuiw (Shoals:4)
  5 fire giants
  An orc warlord (Orc:2)
  13 deep elf sorcerers
  A balrug (Depths:5)
  A daeva (Depths:2)
  3 ghost moths
  Louise (Shoals:4)
  6 frost giants
  7 emperor scorpions
  10 vault wardens
  A juggernaut zombie (Depths:1)
  An angel (Depths:2)
  The ghost of Lisos the Eclecticist, an adept DEWz of Sif Muna (Shoals:2)
  7 deep elf elementalists (Elf:3)
  An iron dragon (Depths:4)
  12 ironheart preservers
  2 draconian stormcallers (Depths:5)
  11 very ugly things
  20 stone giants
  8 deep elf demonologists (Elf:3)
  3 vampire knights
  Nessos (Lair:6)
  2 entropy weavers (Spider:1)
  8 deep elf annihilators
  A yellow draconian (Depths:5)
  5 spark wasps
  9 merfolk javelineers
  7 ettins
  Snorg (Orc:2)
  Josephine (D:11)
  2 blizzard demons
  10 merfolk impalers
  9 yaktaur captains
  8 great orbs of eyes
  3 deep elf death magi
  8 deep elf high priests
  9 fire dragons
  4 rakshasas
  20 vault guards
  8 hydras
  4 spriggan air magi
  9 ice dragons
  4 death knights
  4 merfolk avatars
  5 centaur warriors
  A catoblepas (D:14)
  10 ogre magi
  A satyr (Shoals:4)
  An alligator snapping turtle (Shoals:2)
  3 merfolk aquamancers
  37 two-headed ogres
  9 dancing weapons
  6 deep troll shamans
  6 tengu warriors
  3 vampire magi
  5 deep troll earth magi
  A spriggan berserker (Depths:2)
  5 orc high priests (Orc:2)
  A titan zombie (D:15)
  3 spriggans
  A soul eater (Depths:3)
  12 deep elf knights
  A sun demon (Depths:5)
  2 salamander mystics (Depths:4)
  9 hell knights
  2 iron trolls
  5 skeletal warriors
  2 quicksilver dragon simulacra (Depths:5)
  2 sea snakes (shapeshifter)
  14 sea snakes
  4 glowing orange brains
  3 flayed ghosts
  2 unseen horrors (D:14)
  17 deep trolls
  A lindwurm (Volcano)
  16 deep elf archers
  A harpy (shapeshifter) (Vaults:2)
  Pikel (D:6)
  An orb spider (shapeshifter) (Elf:3)
  A wolf spider zombie (D:15)
  2 orange crystal statues
  A stone giant zombie (Depths:1)
  4 wizards
  5 necromancers
  15 ironbrand convokers
  35 harpies
  63 ugly things
  A mana viper (shapeshifter) (Vaults:3)
  4 orc sorcerers
  12 orb spiders
  59 deep elf magi
  8 cyclopes
  10 orc knights
  25 wolf spiders
  5 oklob plants
  A frost giant zombie (Depths:2)
  10 fauns
  8 salamanders
  Maurice (D:8)
  5 centaur zombies
  2 moths of wrath
  10 manticores
  6 black mambas
  12 vault sentinels
  A rust devil (Depths:3)
  7 merfolk sirens
  2 frost giant skeletons (Depths:2)
  A smoke demon (Depths:3)
  18 elephants
  2 black mambas (shapeshifter)
  A gargoyle (D:10)
  A guardian serpent (shapeshifter) (Vaults:4)
  2 ice statues (IceCv)
  2 torpor snails
  7 water nymphs
  A spiny frog (shapeshifter) (Vaults:3)
  2 molten gargoyles (Volcano)
  9 freezing wraiths
  3 ice devils (Depths:5)
  An elf skeleton (Depths:1)
  18 spiny frogs
  A hellwing (Depths:3)
  2 rime drakes (shapeshifter)
  9 komodo dragons
  7 rime drakes
  3 efreet
  47 yaktaurs
  8 demonic crawlers
  10 trolls
  30 merfolk
  2 meliai (shapeshifter)
  A polar bear (Lair:3)
  A tengu conjurer (D:15)
  23 jumping spiders
  A merfolk (shapeshifter) (Depths:4)
  5 blink frogs
  6 snapping turtles
  A wind drake (Lair:6)
  A queen bee (shapeshifter) (Elf:3)
  An ettin zombie (D:15)
  Grinder (D:4)
  67 slime creatures
  15 hornets
  2 spriggan zombies (D:15)
  12 dream sheep
  20 hippogriffs
  A centaur simulacrum (D:15)
  A fire dragon skeleton (Depths:1)
  9 water elementals
  22 tarantellas
  4 air elementals
  3 vampires (Vaults:3)
  79 redbacks
  4 shadows
  4 fire bats (Volcano)
  4 hogs (D:7)
  A human (D:7)
  7 wyverns
  36 yaks
  9 wraiths
  6 basilisks
  4 fire elementals
  An elf zombie (Vaults:4)
  11 vampire mosquitoes
  4 steam dragons
  Menkaure (D:5)
  2 hungry ghosts (D:11)
  4 wargs
  2 acid dragons
  A soldier ant (D:6)
  A porcupine (shapeshifter) (D:10)
  2 hell hounds
  5 porcupines
  22 water moccasins
  53 orc warriors
  A floating eye (Depths:3)
  A sky beast (shapeshifter) (Vaults:3)
  5 sky beasts
  3 slaves (D:6)
  9 ice beasts
  4 phantoms
  An ogre (shapeshifter) (Depths:3)
  9 boggarts
  3 black bears
  3 ettin simulacra
  A tengu (shapeshifter) (Depths:4)
  31 ogres
  16 centaurs
  13 crocodiles
  A human skeleton (Vaults:4)
  2 big kobolds
  2 human zombies (Vaults:4)
  17 bullfrogs
  A bullfrog (shapeshifter) (Vaults:1)
  A wyvern skeleton (D:11)
  4 scorpions
  7 wights
  19 killer bees
  6 electric eels
  6 lava snakes (Volcano)
  11 crimson imps
  A bullfrog zombie (D:13)
  7 hounds
  3 quasits
  7 jellies
  38 orc priests
  3 iguanas
  8 centaur skeletons
  Crazy Yiuf (D:7)
  A bullfrog skeleton (D:12)
  30 orc wizards
  19 worker ants
  A hound zombie (D:10)
  2 hound skeletons
  Robin (D:4)
  10 gnolls
  19 adders
  4 shadow imps
  2 adder zombies
  3 adder skeletons
  4 worms
  2 dart slugs
  6 leopard geckos
  129 orcs
  13 giant cockroaches
  13 goblins
  9 hobgoblins
  8 jackals
  7 quokkas
  A ball python (D:3)
  9 bats
  4 frilled lizards
  A jackal skeleton (D:5)
  12 kobolds
  7 rats
  A butterfly (D:6)
  2 crawling corpses (Elf:3)
  2 fungi
  13 plants
  7 tentacles
  A withered plant (D:15)
2030 creatures vanquished.

Vanquished Creatures (collateral kills)
  Harold (Lair:1)
  A hydra (Lair:3)
  A harpy (Shoals:3)
3 creatures vanquished.

Vanquished Creatures (others)
  A two-headed ogre (Vaults:3)
  A deep elf knight (Elf:3)
  A slave (D:6)
  An orc wizard (Vaults:4)
  2 orcs (D:13)
  2 fire vortices (Depths:3)
  11 fungi
  51 plants
  61 tentacles
131 creatures vanquished.

Grand Total: 2164 creatures vanquished

Notes
Turn   | Place    | Note
-------+----------+-------------------------------------------
     0 | D:1      | Duffy the Octopode Fire Elementalist began the quest for
                  | the Orb.
     0 | D:1      | Reached XP level 1. HP: 11/11 MP: 3/3
   309 | D:1      | Reached XP level 2. HP: 15/17 MP: 3/5
   923 | D:1      | Reached XP level 3. HP: 21/21 MP: 4/6
   962 | D:1      | Learned a level 3 spell: Conjure Flame
  1328 | D:2      | Found a faded altar of an unknown god.
  1700 | D:2      | Reached XP level 4. HP: 27/27 MP: 2/7
  2015 | D:3      | Noticed a +0 dagger
  2016 | D:3      | Noticed a +0 hand axe
  2019 | D:3      | Found a hide-covered altar of Uskayaw.
  2213 | D:3      | Learned a level 4 spell: Sticky Flame
  2351 | D:3      | Reached XP level 5. HP: 24/31 MP: 1/9
  2475 | D:3      | You fall through a shaft for 2 floors!
  2475 | D:5      | Entered Level 5 of the Dungeon
  2525 | D:4      | Found a glowing silver altar of Zin.
  2526 | D:4      | Found a hazy altar of Hepliaklqana.
  2782 | D:5      | Found a hazy altar of Hepliaklqana.
  2899 | D:5      | Reached skill level 3 in Spellcasting
  3922 | D:2      | Reached XP level 6. HP: 28/36 MP: 1/10
  4506 | D:4      | Noticed Robin
  4507 | D:4      | Found an ornate altar of the Wu Jian Council.
  4783 | D:4      | Killed Robin
  4792 | D:4      | Noticed Grinder
  4895 | D:4      | Identified the Reference Book on Curses and the Mountains
  4924 | D:4      | Found a bloodstained altar of Trog.
  4988 | D:4      | Reached XP level 7. HP: 41/41 MP: 5/12
  5051 | D:4      | Found Guresk's Jewellery Boutique.
  5190 | D:4      | Killed Grinder
  5190 | D:4      | Reached skill level 4 in Spellcasting
  5190 | D:4      | Reached skill level 5 in Conjurations
  5190 | D:4      | Reached skill level 5 in Fire Magic
  5501 | D:4      | Reached skill level 1 in Fighting
  5631 | D:6      | Noticed Pikel
  5991 | D:5      | Reached XP level 8. HP: 51/54 MP: 2/14
  6175 | D:5      | Noticed Menkaure
  6182 | D:5      | Killed Menkaure
  6311 | D:5      | Reached skill level 5 in Fighting
  6670 | D:6      | Killed Pikel
  6670 | D:6      | Reached skill level 5 in Dodging
  6670 | D:6      | Reached XP level 9. HP: 52/61 MP: 7/15
  7917 | D:6      | Found a staircase to the Ecumenical Temple.
  7926 | Temple   | Entered the Ecumenical Temple
  8365 | D:6      | Found a runed door.
  8535 | D:6      | Found a runed door.
  9087 | D:7      | Reached XP level 10. HP: 71/71 MP: 10/16
  9190 | D:7      | Reached skill level 1 in Evocations
  9349 | D:7      | Found a runed door.
  9353 | D:7      | Noticed Crazy Yiuf
  9359 | D:7      | Killed Crazy Yiuf
  9758 | D:8      | Noticed a two-headed ogre
  9779 | D:8      | Killed a two-headed ogre
 10211 | D:8      | Reached skill level 5 in Evocations
 10599 | D:8      | Noticed Maurice
 10663 | D:8      | Killed Maurice
 11640 | D:8      | Reached XP level 11. HP: 65/81 MP: 8/17
 11902 | D:4      | Bought the ring of Spite {MR+ Str+2 Int+4} for 399 gold
                  | pieces
 12007 | D:8      | Reached skill level 10 in Fighting
 12396 | D:8      | Learned a level 5 spell: Fireball
 12489 | D:9      | HP: 5/123 [wyvern (4)]
 13187 | D:10     | Entered Level 10 of the Dungeon
 13187 | D:10     | Noticed a cyclops
 13201 | D:10     | Killed a cyclops
 14034 | D:9      | Found a deep blue altar of Sif Muna.
 14038 | D:9      | Became a worshipper of Sif Muna the Loreminder
 14050 | D:9      | Identified Sif Muna's Reference Book on Weightlessness
 14334 | D:10     | Learned a level 4 spell: Iskenderun's Mystic Blast
 14923 | D:10     | Noticed a wizard
 15094 | D:10     | Found a staircase to the Orcish Mines.
 15094 | D:10     | Found a staircase to the Lair.
 15356 | D:10     | Reached skill level 5 in Spellcasting
 15380 | D:9      | Reached * piety under Sif Muna
 15524 | D:10     | Noticed a two-headed ogre
 15541 | D:10     | Killed a two-headed ogre
 15598 | D:10     | Noticed a green ugly thing
 15609 | D:10     | Killed a green ugly thing
 15873 | D:10     | Killed a wizard
 15982 | D:10     | Got a dazzling spear
 15983 | D:10     | Identified the +4 spear of Cairph {freeze, *Drain MR+ Str+3
                  | Int+2} (You found it on level 10 of the Dungeon)
 16555 | Orc:1    | Entered Level 1 of the Orcish Mines
 16561 | Orc:1    | Reached XP level 12. HP: 86/90 MP: 12/20
 17015 | D:4      | Bought an uncursed amulet of faith for 560 gold pieces
 17133 | Lair:1   | Entered Level 1 of the Lair of Beasts
 17134 | Lair:1   | Noticed Harold
 17145 | Lair:1   | Killed Harold
 17145 | Lair:1   | Reached ** piety under Sif Muna
 17145 | Lair:1   | Reached skill level 6 in Spellcasting
 17711 | Lair:1   | Noticed Gastronok
 17738 | Lair:1   | Killed Gastronok
 18616 | Lair:1   | Learned a level 5 spell: Borgnjor's Vile Clutch
 18662 | Lair:2   | Reached skill level 7 in Spellcasting
 18890 | Lair:2   | Reached *** piety under Sif Muna
 18972 | Lair:2   | Reached skill level 1 in Invocations
 19432 | Lair:2   | Reached skill level 1 in Necromancy
 19432 | Lair:2   | Reached skill level 1 in Earth Magic
 19582 | Lair:2   | Found a staircase to the Shoals.
 19883 | Lair:2   | You fall through a shaft!
 19999 | Lair:3   | Found a dark tunnel.
 20089 | Volcano  | Entered a volcano
 21013 | Volcano  | Found a burning altar of Makhleb.
 21074 | Volcano  | Noticed a fire dragon
 21081 | Volcano  | Killed a fire dragon
 21261 | Volcano  | Got a dazzling dire flail
 21718 | Lair:3   | Noticed a six-headed hydra
 21727 | Lair:3   | Killed a six-headed hydra
 21727 | Lair:3   | Reached XP level 13. HP: 95/95 MP: 13/24
 21787 | Lair:3   | Reached **** piety under Sif Muna
 21787 | Lair:3   | Reached skill level 8 in Spellcasting
 22624 | Lair:2   | Learned a level 6 spell: Statue Form
 22743 | Lair:3   | Reached skill level 5 in Invocations
 23947 | Lair:3   | Reached skill level 5 in Earth Magic
 23948 | Lair:3   | Reached skill level 5 in Necromancy
 24955 | Lair:4   | Found a hole to the Spider Nest.
 25137 | Lair:3   | Reached skill level 9 in Spellcasting
 25549 | Lair:4   | Reached skill level 1 in Transmutations
 25571 | Lair:4   | Reached ***** piety under Sif Muna
 25640 | Lair:4   | Identified Sif Muna's Reference Book on Blows and Bruises
                  | (Sif Muna gifted it to you on level 4 of the Lair of
                  | Beasts)
 25640 | Lair:4   | Received a gift from Sif Muna
 26722 | Lair:4   | Got a warped ruby amulet
 26728 | Lair:4   | Got a glittering iron ring
 26729 | Lair:4   | Identified the ring "Xocaym" {Fire Slay+2 SInv} (You found
                  | it on level 4 of the Lair of Beasts)
 27196 | Lair:5   | Identified the amulet "Guanair" {Harm *Drain rN++} (You
                  | found it on level 4 of the Lair of Beasts)
 27629 | Lair:5   | Reached XP level 14. HP: 101/101 MP: 14/27
 28119 | Lair:5   | Found a staircase to the Slime Pits.
 28537 | Lair:5   | Reached skill level 10 in Spellcasting
 29022 | Lair:6   | Entered Level 6 of the Lair of Beasts
 29250 | Lair:6   | Reached skill level 5 in Transmutations
 29616 | Lair:6   | Received a gift from Sif Muna
 29774 | Lair:5   | Learned a level 2 spell: Sublimation of Blood
 30087 | Lair:5   | Learned a level 5 spell: Bolt of Draining
 31477 | Lair:6   | Noticed Nessos
 31484 | Lair:6   | Killed Nessos
 31945 | Lair:6   | Reached skill level 11 in Spellcasting
 32801 | Orc:2    | Entered Level 2 of the Orcish Mines
 33023 | Orc:1    | Reached skill level 1 in Shields
 33483 | Orc:1    | Found Kas Keol's Weapon Emporium.
 33483 | Orc:1    | Noticed Snorg
 33491 | Orc:2    | Killed Snorg
 33491 | Orc:2    | Reached skill level 10 in Invocations
 33571 | Orc:1    | Reached XP level 15. HP: 107/107 MP: 19/30
 34070 | Orc:2    | Received a gift from Sif Muna
 34643 | Orc:2    | Found a roughly hewn altar of Beogh.
 34648 | Orc:2    | Found Vupuffoo's Distillery.
 34658 | Orc:2    | Found Akhusurro's Antique Armour Shoppe.
 35269 | Orc:2    | Got a smoking hunting sling
 35270 | Orc:2    | Identified the +11 hunting sling "Ziwkes" {venom, rC+} (You
                  | found it on level 2 of the Orcish Mines)
 35321 | Orc:2    | Found a staircase to the Elven Halls.
 35631 | Orc:2    | Identified a scroll of acquirement
 36856 | Orc:2    | Learned a level 6 spell: Bolt of Fire
 36993 | Orc:2    | Noticed an orc warlord
 37017 | Orc:2    | Killed an orc warlord
 37269 | Orc:2    | Found a roughly hewn altar of Beogh.
 37422 | Orc:2    | Found Loavvis's Book Shoppe.
 37771 | Orc:2    | Found Govuare's Antique Weapon Boutique.
 37954 | D:11     | Found the +18 shield of the Gong {rElec rN+ MR+ EV-5}
 37981 | D:11     | You fall through a shaft for 2 floors!
 38016 | D:13     | Received a gift from Sif Muna
 39187 | D:12     | Found a frozen archway.
 39196 | IceCv    | Entered an ice cave
 39249 | IceCv    | Found a transporter.
 39391 | IceCv    | Found a transporter.
 39460 | D:11     | Found a shadowy altar of Dithmenos.
 40162 | D:11     | Noticed Josephine
 40167 | D:11     | Killed Josephine
 41293 | D:11     | Reached skill level 5 in Shields
 41298 | D:11     | Identified Sif Muna's Handbook of Ashen Confrontation (Sif
                  | Muna gifted it to you on level 11 of the Dungeon)
 41298 | D:11     | Received a gift from Sif Muna
 42374 | D:13     | Reached XP level 16. HP: 78/113 MP: 2/31
 43393 | D:14     | Found a glowing golden altar of the Shining One.
 44490 | D:14     | Identified the +8 spear "Kimed" {pierce, +Inv Dex+6}
 44500 | D:14     | Reached skill level 12 in Spellcasting
 45453 | D:14     | Found a gate to the Vaults.
 45855 | D:15     | Entered Level 15 of the Dungeon
 46052 | D:14     | Reached skill level 10 in Conjurations
 46161 | D:14     | Reached skill level 10 in Fire Magic
 46213 | D:15     | Identified Tusto's Catalogue of Arcane Weapons (Sif Muna
                  | gifted it to you on level 15 of the Dungeon)
 46213 | D:15     | Received a gift from Sif Muna
 47463 | D:15     | Found a staircase to the Depths.
 48196 | Elf:1    | Entered Level 1 of the Elven Halls
 49546 | Elf:1    | Reached XP level 17. HP: 117/117 MP: 15/33
 50389 | Elf:1    | Learned a level 5 spell: Lee's Rapid Deconstruction
 50466 | Elf:1    | Learned a level 6 spell: Deflect Missiles
 50507 | Elf:2    | Reached skill level 1 in Air Magic
 50509 | Elf:2    | Identified the +11 dagger of Judgement {vamp, Int+4}
 50514 | Elf:1    | Reached skill level 1 in Charms
 50631 | Elf:2    | Found a magical portal.
 50792 | WizLab   | Entered Wucad Mu's Monastery
 50825 | WizLab   | Found the +9 staff of Wucad Mu {channel}
 50972 | WizLab   | Reached skill level 10 in Shields
 50972 | WizLab   | Reached XP level 18. HP: 124/124 MP: 34/34
 51274 | Elf:2    | Upgraded the game from 0.23-a0-730-g0b75920 to
                  | 0.23-a0-756-g517b432
 51701 | Elf:2    | Reached skill level 13 in Spellcasting
 51924 | Elf:2    | Found a runed gate.
 51924 | Elf:2    | Found a runed gate.
 51925 | Elf:2    | Found a runed gate.
 52070 | Elf:3    | Entered Level 3 of the Elven Halls
 52169 | Elf:3    | Got a faintly glowing long sword
 53022 | Elf:3    | Identified Qiar's Incunabulum of Dark Feathers (Sif Muna
                  | gifted it to you on level 3 of the Elven Halls)
 53022 | Elf:3    | Received a gift from Sif Muna
 53148 | Elf:3    | Noticed a Tzitzimitl
 53186 | Elf:3    | Noticed an Ice Fiend
 54314 | Elf:3    | Noticed a deep elf blademaster
 54345 | Elf:3    | Killed a deep elf blademaster
 54509 | Elf:3    | Noticed a deep elf blademaster
 54516 | Elf:3    | Killed a deep elf blademaster
 54599 | Elf:3    | Noticed a deep elf master archer
 54630 | Elf:3    | Killed a deep elf master archer
 54954 | Elf:3    | Identified the ring of the Past {rElec rPois}
 55049 | Elf:3    | Reached XP level 19. HP: 119/129 MP: 15/36
 55476 | Elf:3    | Identified Sif Muna's Papyrus of Assistive Confrontation
                  | (Sif Muna gifted it to you on level 3 of the Elven Halls)
 55476 | Elf:3    | Received a gift from Sif Muna
 55904 | Elf:3    | Noticed an Ice Fiend
 56229 | Elf:3    | Reached skill level 14 in Spellcasting
 56583 | Elf:3    | Got a shimmering helmet
 56697 | Elf:3    | Identified Omaemm's Tome of Stones and Transformation
 56784 | Elf:3    | Learned a level 3 spell: Regeneration
 56786 | Elf:3    | Learned a level 1 spell: Summon Butterflies
 56788 | Elf:3    | Learned a level 1 spell: Apportation
 57088 | Orc:2    | Bought a potion of heal wounds for 80 gold pieces
 57088 | Orc:2    | Bought a potion of agility for 64 gold pieces
 57088 | Orc:2    | Bought a potion of curing for 48 gold pieces
 57088 | Orc:2    | Bought a potion of curing for 48 gold pieces
 57088 | Orc:2    | Bought a potion of curing for 48 gold pieces
 57088 | Orc:2    | Bought a potion of curing for 48 gold pieces
 57088 | Orc:2    | Bought a potion of flight for 48 gold pieces
 57088 | Orc:2    | Bought a potion of curing for 48 gold pieces
 57222 | Shoals:1 | Entered Level 1 of the Shoals
 57936 | Lair:2   | HP: 3/129 [sea snake (20)]
 58362 | Shoals:1 | Noticed Frances
 58379 | Shoals:1 | Killed Frances
 59467 | Shoals:2 | Found a runed door.
 59467 | Shoals:2 | Noticed Lisos's ghost (adept DEWz)
 60021 | Shoals:1 | Identified Sif Muna's Volume of the Shifting Blaze (Sif
                  | Muna gifted it to you on level 1 of the Shoals)
 60021 | Shoals:1 | Received a gift from Sif Muna
 60515 | Shoals:2 | Killed Lisos's ghost
 63270 | Shoals:3 | Reached XP level 20. HP: 135/135 MP: 1/38
 64269 | Shoals:4 | Entered Level 4 of the Shoals
 64455 | Shoals:4 | Noticed Ilsuiw
 64467 | Shoals:4 | Killed Ilsuiw
 64715 | Shoals:4 | Identified Cionyx Sav's Tome of Torrid Translocation (Sif
                  | Muna gifted it to you on level 4 of the Shoals)
 64715 | Shoals:4 | Received a gift from Sif Muna
 65264 | Shoals:4 | Noticed Louise
 65975 | Shoals:3 | Reached skill level 15 in Spellcasting
 66969 | Shoals:4 | Found Ithraatwo's Antique Armour Shop.
 67391 | Shoals:4 | Got a barnacled rune of Zot
 67967 | Shoals:4 | Killed Louise
 68320 | Shoals:4 | Found Ithraatwo's Antique Armour Shop.
 69294 | D:10     | Learned a level 8 spell: Ignition
 69379 | Spider:1 | Entered Level 1 of the Spider Nest
 69507 | Spider:1 | Received a gift from Sif Muna
 69653 | Spider:1 | Reached skill level 1 in Polearms
 71384 | Spider:2 | Noticed Arachne
 71399 | Spider:2 | Killed Arachne
 71737 | Spider:2 | Found the +5 robe of Misfortune {*Contam Harm *Corrode
                  | *Drain *Slow EV+5}
 71915 | Spider:2 | Reached XP level 21. HP: 141/141 MP: 35/40
 72165 | Spider:3 | Received a gift from Sif Muna
 73789 | Spider:4 | Entered Level 4 of the Spider Nest
 75002 | Spider:3 | Reached skill level 5 in Polearms
 75002 | Spider:3 | Reached skill level 15 in Fire Magic
 75696 | Spider:4 | Got a gossamer rune of Zot
 76005 | Vaults:1 | Entered Level 1 of the Vaults
 76447 | Vaults:1 | Identified Sif Muna's Volume of Battle Magic (Sif Muna
                  | gifted it to you on level 1 of the Vaults)
 76447 | Vaults:1 | Received a gift from Sif Muna
 76447 | Vaults:1 | Reached skill level 15 in Shields
 77928 | Vaults:1 | Identified Cyirivuirph's Guide on Talismans (Sif Muna
                  | gifted it to you on level 1 of the Vaults)
 77928 | Vaults:1 | Received a gift from Sif Muna
 78212 | Vaults:2 | Reached XP level 22. HP: 148/148 MP: 4/41
 78588 | Vaults:2 | Noticed Saint Roka
 78616 | Vaults:2 | Killed Saint Roka
 78733 | Vaults:2 | Received a gift from Sif Muna
 78759 | Vaults:2 | Reached skill level 16 in Spellcasting
 79006 | Vaults:2 | Reached ****** piety under Sif Muna
 79130 | Vaults:2 | Reached skill level 15 in Conjurations
 79146 | Vaults:2 | Received a gift from Sif Muna
 80107 | Vaults:3 | Noticed Boris
 80111 | Vaults:3 | Identified Sif Muna's Almanac of Transmigration and
                  | Intoxication (Sif Muna gifted it to you on level 3 of the
                  | Vaults)
 80111 | Vaults:3 | Received a gift from Sif Muna
 80116 | Vaults:3 | Killed Boris
 80116 | Vaults:3 | Reached XP level 23. HP: 153/153 MP: 21/43
 80844 | Vaults:3 | Reached skill level 17 in Spellcasting
 80951 | Vaults:3 | Found Dogg's Book Shoppe.
 81014 | Vaults:3 | Found Gotiudwomiu's Book Emporium.
 81107 | Vaults:3 | Found a staircase to the Crypt.
 81234 | Vaults:4 | Noticed Xtahua
 81264 | Vaults:3 | Killed Xtahua
 81264 | Vaults:3 | Identified Cufiapni's Catalogue of Harmful Calling (Sif
                  | Muna gifted it to you on level 3 of the Vaults)
 81264 | Vaults:3 | Received a gift from Sif Muna
 81523 | Vaults:4 | Found a portal to a secret trove of treasure.
 82238 | Vaults:4 | Found Mehodghyw's Book Shoppe.
 82868 | Depths:1 | Entered Level 1 of the Depths
 83212 | Depths:1 | Identified Gecrosog's Grimoire of the Nocuous Glacier (Sif
                  | Muna gifted it to you on level 1 of the Depths)
 83212 | Depths:1 | Received a gift from Sif Muna
 83916 | Depths:1 | Learned a level 9 spell: Fire Storm
 84179 | Depths:1 | Found Cidghoho's General Store.
 84188 | Depths:1 | Bought a scroll of identify for 26 gold pieces
 84188 | Depths:1 | Bought a potion of heal wounds for 65 gold pieces
 84188 | Depths:1 | Bought a wand of iceblast (10) for 182 gold pieces
 84264 | Depths:1 | Found a gateway to Hell.
 84265 | Depths:1 | Found a one-way gate leading to the halls of Pandemonium.
 85848 | Depths:2 | Reached XP level 24. HP: 160/160 MP: 34/44
 86424 | Depths:2 | Received a gift from Sif Muna
 86650 | Depths:2 | Identified the +3 shadow dragon scales of Getou {rC+
                  | Stlth++++}
 87814 | Depths:3 | Found a one-way gate to the infinite horrors of the Abyss.
 87818 | Depths:3 | Reached skill level 18 in Spellcasting
 88147 | Depths:2 | Learned a level 2 spell: Blink
 88876 | Depths:3 | Noticed a caustic shrike
 89053 | Depths:3 | Received a gift from Sif Muna
 89792 | Depths:2 | Killed a caustic shrike
 90333 | Depths:3 | Identified the +7 demon blade of Breach {slice, +Rage rN+
                  | SInv}
 91259 | Depths:3 | Got a translucent dire flail
 91456 | Depths:3 | Identified Sif Muna's Guide on Harmful Transformation (Sif
                  | Muna gifted it to you on level 3 of the Depths)
 91456 | Depths:3 | Received a gift from Sif Muna
 92110 | Depths:3 | HP: 9/208 [frost giant/bolt of cold (35)]
 93283 | Depths:4 | Reached XP level 25. HP: 145/165 MP: 21/45
 93339 | Depths:4 | Reached skill level 19 in Spellcasting
 93500 | Depths:4 | Received a gift from Sif Muna
 93773 | Depths:4 | Found a burning altar of Makhleb.
 94137 | Depths:4 | Found a runed gate.
 94137 | Depths:4 | Found a runed gate.
 94138 | Depths:4 | Found a runed gate.
 94138 | Depths:4 | Noticed Beuf's ghost (veteran MiBe)
 94139 | Depths:4 | Found an ancient bone altar of Kikubaaqudgha.
 94139 | Depths:4 | Noticed an ancient lich
 94140 | Depths:4 | Noticed an ancient lich
 94140 | Depths:4 | Noticed CollectiveS's ghost (adept DsFi)
 94269 | Depths:4 | Learned a level 8 spell: Lehudib's Crystal Spear
 94326 | Depths:5 | Entered Level 5 of the Depths
 95093 | Depths:4 | Slain by a caustic shrike

Vault maps used:
D:1:      dpeg_arrival_more_subterranean_lakeside_camping, dk_noncrumbling_2
D:2:      chequers_ecumenical_altar_simple_redux, nrook_mini_vaults,
          skrybe_limestone_x, serial_park_tiny_2
D:3:      dancing_weapons_uskayaw
D:4:      nicolae_overflow_crystal_walls, lemuel_crystal_altar,
          gammafunk_temple_overflow_pools, serial_shops, shop, uniq_robin,
          uniq_grinder
D:5:      first_ration, basic_altar, minmay_a_box_with_orc_wizards_in_it,
          uniq_menkaure
D:6:      lemuel_insect_pit, temple_pool_b, uniq_pikel
D:7:      grunt_livestock, kennysheep_generic_room_11, uniq_crazy_yiuf_cottage
D:8:      uniq_maurice
D:9:      led_sif_book
D:10:     hangedman_cross_cluster
D:11:     minmay_general_purpose_star, nicolae_dithmenos_shadow_blocks,
          uniq_josephine
D:12:     portal_ice_cave_entry_pillars_1
D:14:     minmay_tri_box, lightli_vaults_fourway_checkpoint, tso_metal_star
D:15:     gammafunk_depths_entry_grave, serial_bayou_ford_a,
          minmay_misc_feat_iff, st_stairs_4
Temple:   lightli_temple_of_artemis
Lair:1:   serial_bayou_shore_b, lemuel_fruit_fields, uniq_gastronok, uniq_harold
Lair:2:   elwin_shoals_entry_rooms
Lair:3:   cheibrodos_lair_overgrown_chateau, enter_volcano_2,
          nicolae_lair_grove_arrangements, gammafunk_lair_bear_cave
Lair:4:   wander_river, nicolae_spider_entry_non_spiders, grunt_megastairs_3,
          serial_bayou_shore_b, minmay_lair_oklob_chamber
Lair:5:   minmay_slime_entry_pillars, serial_bayou_shore_a
Lair:6:   gammafunk_lair_ancient_temple, uniq_nessos
Shoals:1: uniq_frances
Shoals:2: gammafunk_ghost_grave, nicolae_shoals_siren_and_animal_friends
Shoals:3: nicolae_shoals_kraken_party
Shoals:4: shoals_end_hangedman, shoals_ilsuiw_alternative, serial_shops,
          nicolae_shop_window_shopping, nicolae_shoals_stone_sculpture_thing,
          nicolae_shoals_this_corrosion, uniq_louise
Spider:2: drop_trap, uniq_arachne
Spider:4: grunt_spider_rune_circles
Orc:1:    serial_shops, shop, nicolae_orc_tapped_out, uniq_snorg
Orc:2:    pubby_orc_utopia, serial_shops
Elf:1:    eino_elf_arrival_the_gate, hangedman_elf_represent, minivault_16
Elf:2:    mu_enter_wizlab_4
Elf:3:    nooodl_elf_gasket, chequers_hall_statues_corner_a,
          nicolae_elf_v_pinch, lemuel_flamethrower_3, grunt_megastairs_2
Vaults:1: vaults_room_fancy_cross, ontoclasm_vaults_twist,
          nicolae_vaults_border_crossing, v_misc_2, ontoclasm_vaults_misaligned,
          vaults_standard_mumra_lines
Vaults:2: v_alt_pattern_5, dpeg_vaults_monster_row, hangedman_vaults_trim,
          ontoclasm_vaults_pinch, hangedman_vaults_variations, v_alt_pattern_1,
          hangedman_vaults_capsules, v_rooms_5, uniq_saint_roka
Vaults:3: minmay_crypt_entry_vampire_xt, hangedman_vaults_restitches,
          vaults_dpeg_encased_lava, nicolae_vaults_three_branches,
          nicolae_vaults_back_hallway, ontoclasm_vaults_idyll, v_misc_12,
          ontoclasm_vaults_gateway, vaults_room_mumra_shop_pool,
          ontoclasm_vaults_ligature, serial_shops, shop, uniq_boris
Vaults:4: v_misc_2, v_misc_16, nicolae_vaults_mini_display_case,
          hangedman_vaults_hat, vaults_standard_mumra_enter_the_diamond,
          v_misc_24, nicolae_vaults_little_squares_4, grunt_vaults_trifunnel,
          v_misc_18, nicolae_vaults_little_squares_2, serial_shops,
          nicolae_shop_window_shopping, enter_trove_5, uniq_xtahua
Depths:1: hell_entry, grunt_decor_arrowhead, pan_entry, serial_shops,
          nicolae_shop_behind_doors, abandoned_shop, hangedman_decor_slide_cut,
          minmay_misc_feat_rows, minmay_fractal_squares_gapless_7
Depths:2: abrahamwl_protected_by_tso_1, enter_ziggurat_c, kennysheep_crisscross,
          pf_dread_powers_of_hell, minmay_metal_thing,
          infiniplex_staircase_door_maze
Depths:3: evilmike_diamond_2, serial_rivers, chequers_serial_rivers_small_a,
          chequers_serial_rivers_micro_b, chequers_serial_rivers_micro_b,
          chequers_serial_rivers_large_a, chequers_serial_rivers_small_3,
          chequers_serial_rivers_micro_b, abyss_entry, hell_entry,
          rand_demon_pan_entry_1
Depths:4: minmay_the_grid_four_pointed_star_mashed, hell_entry,
          kennysheep_big_empty_room, abyss_entry, gammafunk_ghost_crypt
Depths:5: grunt_profane_halls, hell_entry, abyss_entry
IceCv:    ice_cave_statue_garden_transporter
Volcano:  volcano_lake
WizLab:   wizlab_wucad

Skill      XL: |  1  2  3  4  5  6  7  8  9 10 11 12 13 14 15 16 17 18 19 20 21 22 23 24 25 |
---------------+----------------------------------------------------------------------------+-----
Conjurations   | 2 3 4 5 6 8 9 10 11 12 13 14 15 16 18 | 18.8
Spellcasting   | 3 4 5 7 9 11 12 13 14 15 16 17 18 19 | 19.2
Fire Magic     | 4 5 6 8 9 10 11 12 14 15 16 18 | 18.8
Fighting       | 3 5 7 9 11 12 | 12.0
Dodging        | 5 8 |  8.8
Evocations     | 6 |  6.1
Invocations    | 4 7 10 | 10.0
Necromancy     | 3 5 |  5.0
Earth Magic    | 3 5 6 8 9 |  9.0
Transmutations | 3 6 8 |  8.0
Shields        | 2 5 8 10 11 13 14 15 | 15.0
Air Magic      | 1 4 |  4.0
Charms         | 1 4 |  4.0
Polearms       | 3 6 |  6.0
Stealth        | |  2.6

Action                   |  1- 3 |  4- 6 |  7- 9 | 10-12 | 13-15 | 16-18 | 19-21 | 22-24 | 25-27 || total
-------------------------+-------+-------+-------+-------+-------+-------+-------+-------+-------++-------
Melee: Short sword       |     3 |    33 |    79 |    79 |       |       |       |       |       ||   194
       Constrict         |     1 |    12 |     8 |    13 |    49 |    16 |    73 |    89 |    10 ||   271
       Tentacles         |       |     4 |    10 |     7 |    47 |    27 |    88 |   133 |    27 ||   343
       Staff             |       |       |       |     2 |     5 |       |       |     1 |       ||     8
       Spear             |       |       |       |     1 |       |       |       |       |       ||     1
       Dagger            |       |       |       |       |   144 |       |       |       |       ||   144
       Unarmed           |       |       |       |       |    97 |   118 |       |       |       ||   215
       Demon trident     |       |       |       |       |       |       |   475 |   680 |   135 ||  1290
 Fire: Blowgun           |       |       |       |     7 |       |       |       |       |       ||     7
 Cast: Flame Tongue      |    58 |    99 |   189 |   437 |       |       |       |       |       ||   783
       Conjure Flame     |       |     6 |     7 |    20 |     6 |     2 |       |       |       ||    41
       Sticky Flame      |       |     2 |    23 |    71 |    51 |     8 |       |       |       ||   155
       Fireball          |       |       |       |     4 |   119 |   171 |   272 |    50 |     3 ||   619
       Iskenderun's Myst |       |       |       |    35 |   254 |   183 |     4 |       |       ||   476
       Borgnjor's Vile C |       |       |       |       |    19 |     5 |     3 |    23 |     9 ||    59
       Bolt of Draining  |       |       |       |       |   121 |       |       |       |       ||   121
       Statue Form       |       |       |       |       |    24 |    16 |    72 |    54 |     9 ||   175
       Bolt of Fire      |       |       |       |       |    55 |    32 |   209 |   168 |    23 ||   487
       Lee's Rapid Decon |       |       |       |       |       |     6 |       |    44 |       ||    50
       Sublimation of Bl |       |       |       |       |       |     3 |       |       |       ||     3
       Deflect Missiles  |       |       |       |       |       |     1 |     6 |     6 |     1 ||    14
       Regeneration      |       |       |       |       |       |       |     9 |    12 |     2 ||    23
       Ignition          |       |       |       |       |       |       |    38 |    79 |     4 ||   121
       Blink             |       |       |       |       |       |       |       |     6 |     2 ||     8
       Fire Storm        |       |       |       |       |       |       |       |     2 |       ||     2
       Lehudib's Crystal |       |       |       |       |       |       |       |       |     9 ||     9
Invok: Divine Energy     |       |       |       |     1 |       |       |       |       |       ||     1
       Channel Magic     |       |       |       |       |     1 |     3 |     1 |     3 |       ||     8
       Forget Spell      |       |       |       |       |       |     2 |       |       |       ||     2
 Abil: End Transformatio |       |       |       |       |       |       |       |     1 |       ||     1
Evoke: Wand              |       |       |       |    14 |    12 |     3 |    16 |    15 |       ||    60
       Phial of floods   |       |       |       |     2 |       |       |       |     2 |       ||     4
  Use: Scroll            |       |       |    11 |     8 |    19 |     6 |    11 |     2 |     2 ||    59
       Potion            |       |       |     1 |     3 |     1 |     1 |     1 |     1 |       ||     8
 Stab: Sleeping          |       |     4 |     1 |     1 |       |       |       |       |       ||     6
       Paralysed         |       |       |       |     5 |       |       |       |       |       ||     5
       Distracted        |       |       |       |       |       |       |       |       |     1 ||     1
  Eat: Chunk             |     3 |     8 |    15 |    19 |    54 |    25 |    44 |    54 |     5 ||   227
       Ration            |       |     1 |     1 |     9 |    14 |     8 |    19 |     7 |     1 ||    60
Armor: Skin              |     5 |     8 |    51 |    73 |   254 |   130 |   615 |   261 |    54 ||  1451
Dodge: Dodged            |    32 |    89 |    82 |   269 |   803 |   260 |   556 |   208 |    34 ||  2333
       Deflected         |       |       |       |       |       |     1 |    20 |    20 |     9 ||    50
Block: Shield            |       |       |       |       |   302 |   592 |  1817 |  1314 |   209 ||  4234
       Buckler           |       |       |       |       |    39 |       |       |       |       ||    39

Table legend:
 A = Non-vault XP
 B = Vault XP
 C = Vault XP percentage of total XP
 D = Non-vault monster count
 E = Vault monster count
 F = Vault count percentage of total count
                 A         B        C        D         E       F
            +---------+---------+-------+---------+---------+-------
      Total |  539642 |  419091 |  43.7 |    1332 |     674 |  33.6
            +---------+---------+-------+---------+---------+-------
        D:1 |      44 |       0 |   0.0 |      25 |       0 |   0.0
        D:2 |     107 |       0 |   0.0 |      23 |       0 |   0.0
        D:3 |      86 |      17 |  16.5 |      25 |       9 |  26.5
        D:4 |     381 |     279 |  42.3 |      13 |       3 |  18.8
        D:5 |     703 |     339 |  32.5 |      23 |       5 |  17.9
        D:6 |    1195 |     977 |  45.0 |      27 |      13 |  32.5
        D:7 |     912 |    1035 |  53.2 |      21 |       6 |  22.2
        D:8 |    3806 |     508 |  11.8 |      42 |       1 |   2.3
        D:9 |    1193 |      75 |   5.9 |      25 |       2 |   7.4
       D:10 |    3621 |    4037 |  52.7 |      36 |      19 |  34.5
       D:11 |    4765 |    2174 |  31.3 |      34 |       6 |  15.0
       D:12 |    2220 |       0 |   0.0 |      16 |       0 |   0.0
       D:13 |   15528 |    2122 |  12.0 |      57 |       3 |   5.0
       D:14 |   11731 |    8649 |  42.4 |      37 |      17 |  31.5
       D:15 |    6588 |    5728 |  46.5 |      18 |      10 |  35.7
     Lair:1 |    1547 |    3139 |  67.0 |       7 |       2 |  22.2
     Lair:2 |    5366 |       0 |   0.0 |      17 |       0 |   0.0
     Lair:3 |    7238 |    5576 |  43.5 |      17 |      20 |  54.1
     Lair:4 |    5869 |    2846 |  32.7 |      27 |      15 |  35.7
     Lair:5 |    6032 |     607 |   9.1 |      20 |       4 |  16.7
     Lair:6 |   11259 |   11640 |  50.8 |      32 |      27 |  45.8
   Shoals:1 |   15453 |    2330 |  13.1 |      31 |       1 |   3.1
   Shoals:2 |   13538 |    5425 |  28.6 |      25 |       8 |  24.2
   Shoals:3 |   15487 |   15989 |  50.8 |      30 |      12 |  28.6
   Shoals:4 |   13225 |   28324 |  68.2 |      28 |      33 |  54.1
   Spider:1 |   14929 |       0 |   0.0 |      45 |       0 |   0.0
   Spider:2 |   13045 |    3185 |  19.6 |      41 |       1 |   2.4
   Spider:3 |   12583 |    8192 |  39.4 |      38 |       9 |  19.1
   Spider:4 |    9059 |   15365 |  62.9 |      26 |      25 |  49.0
      Orc:1 |     569 |    1089 |  65.7 |      12 |      11 |  47.8
      Orc:2 |     208 |   22485 |  99.1 |       6 |     143 |  96.0
      Elf:1 |   11548 |    9190 |  44.3 |      19 |      13 |  40.6
      Elf:2 |   13055 |    1799 |  12.1 |      23 |       2 |   8.0
      Elf:3 |   18708 |   63364 |  77.2 |      29 |      43 |  59.7
   Vaults:1 |   36516 |   16989 |  31.8 |      62 |      27 |  30.3
   Vaults:2 |   56302 |   31584 |  35.9 |      89 |      40 |  31.0
   Vaults:3 |   52660 |   21247 |  28.7 |      79 |      18 |  18.6
   Vaults:4 |   18811 |   16783 |  47.2 |      27 |      24 |  47.1
   Depths:1 |   25866 |    9323 |  26.5 |      40 |       7 |  14.9
   Depths:2 |   34335 |   24977 |  42.1 |      47 |      15 |  24.2
   Depths:3 |   29561 |   17658 |  37.4 |      39 |      19 |  32.8
   Depths:4 |   42874 |   23008 |  34.9 |      53 |      12 |  18.5
   Depths:5 |    1119 |   22988 |  95.4 |       1 |      21 |  95.5
      IceCv |       0 |    2736 | 100.0 |       0 |      10 | 100.0
    Volcano |       0 |    4136 | 100.0 |       0 |      17 | 100.0
     WizLab |       0 |    1177 | 100.0 |       0 |       1 | 100.0
            +---------+---------+-------+---------+---------+-------
